 Dungeon Crawl Stone Soup version 0.18.1-48-g4cf74bf (webtiles) character file.

15 kosy22 the Caller (level 2, -1/20 HPs)
             Began as a Merfolk Summoner on Aug 18, 2016.
             Slain by a kobold
             ... wielding a +0 short sword
              (6 damage)
             ... on level 2 of the Dungeon.
             The game lasted 00:05:00 (1285 turns).

kosy22 the Caller (Merfolk Summoner)                Turns: 1285, Time: 00:05:01

Health: -1/20      AC:  2    Str:  8    XL:     2   Next: 50%
Magic:  1/5        EV: 13    Int: 14    God:
Gold:   59         SH:  0    Dex: 14    Spells: 2 memorised, 2 levels left

rFire  . . .     SeeInvis .     (no weapon)
rCold  . . .     Gourm    .     a - +0 robe
rNeg   . . .     Faith    .     (no shield)
rPois  .         Spirit   .     (no helmet)
rElec  .         Dismiss  .     (no cloak)
rCorr  .         Reflect  .     (no gloves)
SustAt .         Harm     .     (no boots)
MR     .....                    (no amulet)
Stlth  ++........               (no ring)
                                (no ring)

@: not resistant to hostile enchantments, unstealthy
A: change form in water, swift swim
a: no special abilities


You were on level 2 of the Dungeon.
You were not hungry.

You visited 1 branch of the dungeon, and saw 2 of its levels.

You collected 59 gold pieces.

Inventory:

Armour
 a - a +0 robe (worn)
Jewellery
 g - a +5 ring of protection {unknown}
Scrolls
 d - a scroll of blinking {unknown}
 e - a scroll of amnesia {unknown}
 i - a scroll of random uselessness {unknown}
 j - a scroll of enchant armour {unknown}
 k - a scroll of identify {unknown}
Potions
 h - a potion of curing {unknown}
 l - a potion of mutation {unknown}
 m - a potion of degeneration {unknown}
Books
 b - a book of Callings

   Spells                             Type                      Level
   a - Summon Small Mammal            Summoning                    1
   b - Call Imp                       Summoning                    2
   c - Call Canine Familiar           Summoning                    3
   d - Summon Guardian Golem          Hexes/Summoning              3
   e - Summon Lightning Spire         Summoning/Air                4
   f - Summon Ice Beast               Ice/Summoning                4
Comestibles
 c - 2 bread rations


   Skills:
 + Level 0.4 Fighting
 + Level 3.1 Dodging
 + Level 2.4 Stealth
 + Level 2.1 Spellcasting
 + Level 4.2 Summonings


You had 2 spell levels left.
You knew the following spells:

 Your Spells              Type           Power        Failure   Level  Hunger
a - Summon Small Mammal   Summ           ##..         4%          1    ##.....
b - Call Imp              Summ           ##......     10%         2    ###....


Dungeon Overview and Level Annotations

Branches:
Dungeon (2/15)

Altars:


Message History

Your crimson imp blinks!
Your bat barely misses the kobold.
Your white imp barely misses the hobgoblin.
Your bat closely misses the kobold.
Your bat hits the kobold but does no damage.
The hobgoblin hits your white imp.
Your white imp hits the hobgoblin.
Your white imp freezes the hobgoblin.
The hobgoblin dies!
Your crimson imp barely misses the kobold.
Your white imp barely misses the kobold.
Your bat closely misses the kobold.
Your crimson imp blinks!
There is an open door here.
Your bat barely misses the kobold.
You swap places.
Your bat hits the kobold but does no damage.
Your crimson imp barely misses the kobold.
Your bat hits the kobold.
Your bat barely misses the kobold. x2
The kobold hits you with a short sword.
You die...

########### #.........#
#......(..######
#.....)5K@.(...#######
########b#####.#.....#
#...# #.#.###.# ###.#
#5r.....#
##########5#####.#########
..........5...............
.#######....†....###.#####
#.........#.....#
#.........#.#.#.###


You could see a kobold, a friendly crimson imp and a friendly bat.

Vanquished Creatures
  A giant gecko (D:1)
  A bat (D:1)
  A rat (D:2)
3 creatures vanquished.

Vanquished Creatures (collateral kills)
  A dart slug (D:1)
  A ball python (D:2)
  A giant cockroach (D:1)
  2 goblins (D:1)
  5 hobgoblins
  A bat (D:1)
  A giant newt (D:1)
  4 kobolds
16 creatures vanquished.

Grand Total: 19 creatures vanquished

Notes
Turn   | Place    | Note
--------------------------------------------------------------
     0 | D:1      | kosy22 the Merfolk Summoner began the quest for the Orb.
     0 | D:1      | Reached XP level 1. HP: 13/13 MP: 3/3
   850 | D:1      | Reached XP level 2. HP: 19/19 MP: 0/5
   854 | D:1      | Learned a level 2 spell: Call Imp
  1285 | D:2      | Slain by a kobold

Skill      XL: |  1  2 |
---------------+-------+-----
Dodging        | 3 |  3.1
Fighting       | |  0.4
Stealth        | |  2.4
Spellcasting   | |  2.1
Summonings     | |  4.2

Action                   || total
-------------------------++-------
Melee: Unarmed           ||    24
 Cast: Summon Small Mamm ||    31
       Call Imp          ||     3
  Eat: Meat ration       ||     1
Armor: Robe              ||    16
Dodge: Dodged            ||    49
